 Dungeon Crawl Stone Soup version 0.23.0 (webtiles) character file.

Game seed: 17441551537860714270

60 DungeonDestroyer the Covered (level 3, 0/33 HPs)
             Began as a Minotaur Fighter on Feb 10, 2019.
             Succumbed to a worker ant's poison
             ... on level 2 of the Dungeon.
             The game lasted 00:05:11 (1022 turns).

DungeonDestroyer the Covered (Minotaur Fighter)     Turns: 1022, Time: 00:05:12

Health: 0/33       AC:  7    Str: 20    XL:     3   Next: 82%
Magic:  2/2        EV:  7    Int:  5    God:
Gold:   98         SH:  9    Dex: 10    Spells: 2/2 levels left

rFire    . . .     SeeInvis .   a - +1 flail
rCold    . . .     Gourm    .   c - +0 shield
rNeg     . . .     Faith    .   b - +0 scale mail
rPois    .         Spirit   .   (helmet restricted)
rElec    .         Reflect  .   (no cloak)
rCorr    .         Harm     .   (no gloves)
MR       .....                  (no boots)
Stlth    ..........             (no amulet)
HPRegen  0.11/turn              (no ring)
MPRegen  0.08/turn              (no ring)

@: lethally poisoned (0 -> -3)
A: retaliatory headbutt, horns 2
a: no special abilities


You were on level 2 of the Dungeon.
You were hungry.

You visited 1 branch of the dungeon, and saw 2 of its levels.

You collected 98 gold pieces.

Inventory:

Hand Weapons
 a - a +1 flail (weapon)
Armour
 b - a +0 scale mail (worn)
 c - a +0 shield (worn)
Scrolls
 h - a scroll of identify
Potions
 d - 2 potions of might
 e - a potion of heal wounds
 g - 2 potions of brilliance
 k - a potion of curing
Comestibles
 f - 6 rations


   Skills:
 + Level 4.2 Fighting
 + Level 3.3 Maces & Flails
 + Level 4.3 Armour
 + Level 4.2 Shields


You had 2 spell levels left.
You didn't know any spells.
Your spell library was empty.

Dungeon Overview and Level Annotations

Branches:
Dungeon (2/15)

Altars:
Makhleb


Innate Abilities, Weirdness & Mutations

You reflexively headbutt those who attack you in melee.
You have a pair of horns on your head.


Message History

You feel sick. The worker ant barely misses you.
Your shield and scale mail prevent you from hitting the worker ant.
The worker ant is lightly wounded.
The worker ant closely misses you. The worm bites you but does no damage.
You block the worker ant's attack.
You barely miss the worker ant.
The worker ant is lightly wounded.
You feel sick. You block the worker ant's attack. You block the worm's attack.
Your shield and scale mail prevent you from hitting the worker ant.
The worker ant is lightly wounded.
You block the worker ant's attack. x2; The worm bites you.
* * * LOW HITPOINT WARNING * * *
You completely miss the worker ant.
The worker ant is lightly wounded.
The worker ant barely misses you. You furiously retaliate!
You headbutt the worker ant. You block the worker ant's attack.
You block the worm's attack.
You barely miss the worker ant.
The worker ant is lightly wounded.
You die...

###.# #..............# #.#####
##†###..............# #..†..#
#..............#############.#
#....>###.#######......# #.#
#.†...# #.# #........# #.#
#.)...# #.# #........# #.#
#.....# .# #........# #.#
##8..8# #####........### #.#
♣...._# #...a@.....#...# #.#
##..### #.###w###.####.###.#
... #g# #.##....##.# ..## ..#
#.##.#..##.# ... g#.#
#.##.#.....# ..## #.#.#
#....#..#### . #.# ######.##
.# ### #.# #.#


You could see a worm, a worker ant and a goblin.

Vanquished Creatures
  2 adders (D:2)
  A worm (D:2)
  A dart slug (D:1)
  2 leopard geckos (D:1)
  3 ball pythons
  A giant cockroach (D:1)
  3 goblins
  3 hobgoblins (D:1)
  7 bats (D:1)
  10 kobolds
  6 rats
39 creatures vanquished.

Notes
Turn   | Place    | Note
-------+----------+-------------------------------------------
     0 | D:1      | DungeonDestroyer the Minotaur Fighter began the quest for
                  | the Orb.
     0 | D:1      | Reached XP level 1. HP: 19/19 MP: 0/0
    76 | D:1      | Reached XP level 2. HP: 22/27 MP: 1/1
   554 | D:1      | Reached XP level 3. HP: 33/33 MP: 2/2
   904 | D:2      | Found a burning altar of Makhleb.
  1020 | D:2      | HP: 1/33 [worm (5)]
  1022 | D:2      | Succumbed to a worker ant's poison

Skill      XL: |  1  2 |
---------------+-------+-----
Armour         | 4 |  4.3
Fighting       | 4 |  4.2
Maces & Flails | 3 |  3.3
Shields        | 4 |  4.2

Action                   || total
-------------------------++-------
Melee: Flail             ||    98
       Headbutt          ||    12
  Use: Scroll            ||     3
       Potion            ||     3
 Stab: Distracted        ||     1
Armor: Scale mail        ||    64
Dodge: Dodged            ||    31
Block: Shield            ||    56
